 Dungeon Crawl Stone Soup version 0.22-a0-553-g9358b0b (webtiles) character file.

91972 pk666 the Eclecticist (level 15, -11/72 HPs)
             Began as a Deep Elf Wizard on June 26, 2018.
             Was a High Priest of Vehumet.
             Killed from afar by Roxanne (83 damage)
             ... with a crystal spear
             ... on level 1 of the Shoals.
             The game lasted 02:07:07 (37378 turns).

pk666 the Eclecticist (Deep Elf Wizard)            Turns: 37378, Time: 02:07:08

Health: -11/72     AC:  7    Str: 10    XL:     15   Next: 56%
Magic:  48/48      EV: 18    Int: 33    God:    Vehumet [*****.]
Gold:   1713       SH:  0    Dex: 13    Spells: 15/51 levels left

rFire    . . .     SeeInvis .   i - +0 dagger (pierce)
rCold    . . .     Gourm    .   (no shield)
rNeg     + . .     Faith    .   T - +1 robe {MR+}
rPois    +         Spirit   .   r - +2 hat {Int+3}
rElec    .         Reflect  .   c - scarf {cloud immunity}
rCorr    .         Harm     .   K - +0 pair of gloves
MR       ++...                  U - +0 pair of boots
Stlth    ++........             q - amulet of the acrobat
HPRegen  0.22/turn              a - ring of magical power
MPRegen  0.31/turn              Q - ring "Heim" {rPois rN+ Str+6}

@: no status effects
A: no striking features
a: Renounce Religion


You were on level 1 of the Shoals.
You worshipped Vehumet.
Vehumet was extremely pleased with you.
You were hungry.

You visited 5 branches of the dungeon, and saw 25 of its levels.
You also visited: Bailey.

You collected 1881 gold pieces.
You spent 168 gold pieces at shops.

Inventory:

Hand Weapons
 i - a +0 dagger of piercing (weapon)
Armour
 c - a scarf of cloud immunity (worn)
 r - a +2 hat of intelligence (worn)
 K - a +0 pair of gloves (worn)
 T - a +1 robe of magic resistance (worn)
 U - a +0 pair of boots (worn)
Jewellery
 a - a ring of magical power (left hand)
 q - an amulet of the acrobat (around neck)
 J - an uncursed amulet of harm {unknown}
 O - the amulet "Igguibum" {Gourm +Inv Str+2}
   (You found it on level 2 of the Lair of Beasts)

   [amulet of the gourmand]

   It allows you to eat raw meat even when not hungry.
   It affects your strength (+2).
   It lets you turn invisible.
 Q - the ring "Heim" (right hand) {rPois rN+ Str+6}
   (You found it on level 3 of the Lair of Beasts)

   [ring of positive energy]

   It affects your strength (+6).
   It protects you from poison.
   It protects you from negative energy.
 S - an uncursed amulet of regeneration
 W - a +2 amulet of reflection {unknown}
Wands
 m - a wand of digging (13)
 p - a wand of polymorph (16)
 C - a wand of flame (58)
 D - a wand of acid (8)
 I - a wand of random effects (39)
 P - a wand of iceblast (8)
 R - a wand of enslavement (15)
Scrolls
 b - a scroll of enchant armour
 e - 7 scrolls of identify
 h - 6 scrolls of teleportation
 t - 7 scrolls of fog
 x - 3 scrolls of fear
 y - 6 scrolls of blinking
 B - 9 scrolls of remove curse
 F - a scroll of silence
 H - 4 scrolls of amnesia
 L - 2 scrolls of immolation
 M - 4 scrolls of magic mapping
 N - 2 scrolls of brand weapon
Potions
 f - 9 potions of curing
 g - 2 potions of mutation
 j - 5 potions of might {unknown}
 k - 2 potions of berserk rage
 l - 7 potions of agility
 n - 2 potions of brilliance
 o - a potion of ambrosia {unknown}
 s - 5 potions of heal wounds
 u - a potion of cancellation {unknown}
 v - a potion of experience {unknown}
 w - 6 potions of magic {unknown}
 z - 2 potions of lignification
 A - a potion of invisibility {unknown}
 E - 3 potions of resistance
 G - a potion of flight {unknown}
Comestibles
 d - 24 rations


   Skills:
 - Level 10.0 Dodging
 - Level 2.4 Stealth
 + Level 18.7 Spellcasting
 + Level 15.8 Conjurations
   Level 1.1 Summonings
 - Level 1.1 Translocations
 + Level 15.5 Fire Magic
 + Level 8.5 Evocations


You had 15 spell levels left.
You knew the following spells:

 Your Spells              Type           Power        Failure   Level  Hunger
a - Poison Arrow          Conj/Pois      ######....   1%          6    None
b - Blink                 Tloc           N/A          1%          2    None
c - Conjure Flame         Conj/Fire      #######.     0%          3    None
d - Mephitic Cloud        Conj/Pois/Air  ######..     1%          3    None
e - Apportation           Tloc           #####.       1%          1    None
f - Force Lance           Conj/Tloc      ######..     1%          4    None
g - Orb of Destruction    Conj           #######...   1%          7    ###....
x - Bolt of Magma         Conj/Fire/Erth #######...   1%          5    None
z - Fireball              Conj/Fire      #######...   1%          5    None

Your spell library contained the following spells:

 Spells                   Type           Power        Failure   Level  Hunger
 Magic Dart               Conj           ####         0%          1    None
 Slow                     Hex            ####....     1%          2    None
 Confuse                  Hex            ####....     3%          3    None
 Throw Flame              Conj/Fire      ######       0%          2    None
 Freezing Cloud           Conj/Ice/Air   ######....   5%          6    None
 Ring of Flames           Chrm/Fire      ######....   38%         7    ###....
 Summon Small Mammal      Summ           ####         1%          1    None
 Iskenderun's Mystic Bla  Conj           #######.     0%          4    None
 Animate Skeleton         Necr           N/A          1%          1    None
 Sticky Flame             Conj/Fire      #######.     0%          4    None
 Call Imp                 Summ           #####...     1%          2    None
 Confusing Touch          Hex            ####..       1%          1    None
 Flame Tongue             Conj/Fire      #####        0%          1    None
 Metabolic Englaciation   Hex/Ice        ####......   32%         5    None
 Petrify                  Tmut/Erth      ####....     12%         4    None
 Inner Flame              Hex/Fire       ######..     1%          3    None
 Fulminant Prism          Conj/Hex       ######....   1%          4    None
 Dazzling Spray           Conj/Hex       ######       1%          3    None
 Searing Ray              Conj           ######       0%          2    None
 Gell's Gravitas          Tloc           #####.....   2%          3    None
 Yara's Violent Unravell  Hex/Tmut       ####......   9%          5    None
 Poisonous Vapours        Pois/Air       ####..       1%          2    None


Dungeon Overview and Level Annotations

Branches:
Dungeon (15/15)            Temple (1/1) D:4            Lair (6/6) D:10
 Shoals (1/4) Lair:2        Snake (0/4) Lair:3        Slime (0/5) Lair:6
    Orc (2/2) D:9             Elf (0/3) Orc:2        Vaults (0/5) D:14
 Depths (0/5) D:15

Altars:
Ashenzari
Cheibriados
Dithmenos
Elyvilon
Fedhas
Gozag
Hepliaklqana
Kikubaaqudgha
Makhleb
Nemelex Xobeh
Okawaru
Qazlal
Ru
Sif Muna
Trog
Uskayaw
Vehumet
Wu Jian
Xom
Yredelemnul
Zin
The Shining One
Beogh

Shops:
D:14 =   Orc:1 %   Orc:2 [!(*[

Annotations:
Lair:5 3 runed doors, Uschugel's ghost, journeyman MiBe
Shoals:1 exclusion: Roxanne, Roxanne


Message History

Roxanne casts a spell.
The iron shot misses you.
You climb upwards.
Welcome back to the Lair of Beasts!
There is a staircase to the Shoals here.
You start resting.
Magic restored.
You start resting.
HP restored.
This staircase leads to a travel-excluded area!
Enter next level anyway?
You climb downwards.
Welcome back to the Shoals!
This branch is very noisy, and so sound travels much less far.
This branch contains the barnacled rune of Zot.
Level annotation: exclusion: Roxanne, Roxanne The merfolk siren chants a haunting song.
You resist.
Roxanne casts a spell.
The crystal spear hits you!
Ouch! That really hurt!
You die...

≈≈≈≈≈..........
≈≈≈≈≈.........≈
≈≈≈≈...........
≈≈≈...........P
≈≈≈m...........
≈≈........P....
≈≈.....S.!...≈≈
≈≈...8.@.....≈.
≈..............
≈.............≈
≈..............
≈..........."..
≈≈.............
.≈...........†.
..≈≈....≈≈≈....


You could see Roxanne, a sea snake and a merfolk siren.

Vanquished Creatures
  Louise (D:14)
  A caustic shrike skeleton (D:15)
  Azrael (D:14)
  Josephine (Lair:6)
  Erolcha (D:9)
  4 vault guards (D:14)
  Harold (D:12)
  5 hydras
  3 centaur warriors (D:15)
  3 catoblepae (Lair:6)
  21 two-headed ogres
  4 death yaks (Lair:6)
  2 tengu warriors (D:14)
  5 ogre magi
  Urug (D:12)
  5 skeletal warriors
  2 unseen horrors (D:13)
  A wizard (D:14)
  A necromancer (D:15)
  A phantasmal warrior (D:15)
  2 orc knights
  Pikel (D:6)
  2 manticores (Lair:6)
  5 ugly things (D:15)
  4 oklob plants (Lair:4)
  A cyclops (D:12)
  2 centaur zombies
  An ice statue (D:12)
  4 black mambas
  A water nymph (Shoals:1)
  Maurice (D:12)
  3 gargoyles
  7 spiny frogs
  A spriggan skeleton (D:15)
  A kobold demonologist (D:13)
  A rime drake (Lair:6)
  A yaktaur zombie (D:15)
  A yaktaur (D:14)
  A komodo dragon (Lair:3)
  A yaktaur (shapeshifter) (D:15)
  3 tengu conjurers
  A polar bear (shapeshifter) (D:15)
  4 polar bears
  A merfolk (Lair:2)
  Grinder (D:6)
  A hornet (shapeshifter) (D:15)
  12 slime creatures
  6 hippogriffs
  A meliai zombie (D:14)
  13 blink frogs
  Sigmund (D:6)
  A water elemental (Shoals:1)
  2 shadows
  3 wraiths (Lair:6)
  40 yaks
  3 wyverns
  4 basilisks
  A fire elemental (D:14)
  A golden eye (shapeshifter) (D:13)
  A human (D:14)
  A redback simulacrum (D:15)
  Menkaure (D:4)
  A tengu zombie (D:15)
  Edmund (D:4)
  20 water moccasins
  2 soldier ants (D:13)
  4 hell hounds (D:14)
  9 porcupines
  A necrophage (D:8)
  23 orc warriors
  17 ice beasts
  2 black bears
  A phantom (D:9)
  4 sky beasts
  28 ogres
  15 centaurs
  7 crocodiles
  21 wolves
  Blork the orc (D:6)
  3 big kobolds
  16 bullfrogs
  A gnoll sergeant (D:11)
  5 scorpions
  19 killer bees
  23 wights
  13 howler monkeys
  An electric eel (Lair:2)
  3 crimson imps
  A bullfrog zombie (D:13)
  4 hounds
  A quasit (D:9)
  Crazy Yiuf (D:2)
  8 jellies
  13 orc priests
  3 bullfrog skeletons
  4 centaur skeletons
  30 orc wizards
  Jessica (D:2)
  Ijyb (D:3)
  Natasha (thrice) (D:3)
  An iguana (D:10)
  11 worker ants
  A hound zombie (D:6)
  5 hound skeletons
  2 worker ant zombies
  Robin (D:2)
  A howler monkey skeleton (D:4)
  27 gnolls
  14 adders
  4 shadow imps
  An adder zombie (D:9)
  An ooze (D:3)
  3 adder skeletons
  2 worms (D:2)
  A dart slug (D:2)
  7 leopard geckos
  85 orcs
  5 giant cockroaches
  19 goblins
  23 hobgoblins
  6 jackals
  7 quokkas
  3 ball pythons
  9 bats
  10 frilled lizards
  28 kobolds
  A leopard gecko skeleton (D:8)
  2 quokka skeletons
  9 rats
  2 plants (Lair:4)
  A withered plant (D:15)
810 creatures vanquished.

Vanquished Creatures (collateral kills)
  A killer bee (D:9)
1 creature vanquished.

Vanquished Creatures (others)
  A centaur zombie (D:6)
  An adder (D:6)
  5 fungi
  13 plants
  A withered plant (D:15)
21 creatures vanquished.

Grand Total: 832 creatures vanquished

Notes
Turn   | Place    | Note
-------+----------+-------------------------------------------
     0 | D:1      | pk666 the Deep Elf Wizard began the quest for the Orb.
     0 | D:1      | Reached XP level 1. HP: 10/10 MP: 7/7
   302 | D:1      | Reached XP level 2. HP: 12/15 MP: 1/9
   925 | D:1      | Reached skill level 5 in Spellcasting
  1205 | D:2      | Reached XP level 3. HP: 19/19 MP: 8/11
  1560 | D:2      | Noticed Jessica
  1568 | D:2      | Killed Jessica
  1568 | D:2      | Reached XP level 4. HP: 24/24 MP: 2/13
  1908 | D:2      | Learned a level 2 spell: Blink
  1912 | D:2      | Learned a level 3 spell: Conjure Flame
  1916 | D:2      | Learned a level 3 spell: Mephitic Cloud
  1972 | D:2      | Reached skill level 6 in Spellcasting
  2094 | D:2      | Noticed Robin
  2105 | D:2      | Killed Robin
  2297 | D:2      | Found a runed door.
  2301 | D:2      | Noticed Crazy Yiuf
  2317 | D:2      | Killed Crazy Yiuf
  2317 | D:2      | Reached skill level 1 in Fire Magic
  2317 | D:2      | Reached XP level 5. HP: 28/28 MP: 5/15
  2950 | D:3      | Noticed Ijyb
  2979 | D:3      | Killed Ijyb
  3048 | D:3      | Noticed Natasha
  3053 | D:3      | Killed Natasha
  3391 | D:3      | Noticed Natasha
  3409 | D:3      | Killed Natasha
  3409 | D:3      | Reached XP level 6. HP: 18/32 MP: 10/17
  3421 | D:3      | Noticed Natasha
  3447 | D:3      | Killed Natasha
  3828 | D:4      | Found a staircase to the Ecumenical Temple.
  3834 | Temple   | Entered the Ecumenical Temple
  3868 | Temple   | Became a worshipper of Vehumet
  4108 | D:4      | Noticed Menkaure
  4118 | D:4      | Killed Menkaure
  4118 | D:4      | Reached skill level 7 in Spellcasting
  4391 | D:4      | Found an ancient bone altar of Kikubaaqudgha.
  4414 | D:4      | Noticed Edmund
  4433 | D:4      | Killed Edmund
  4433 | D:4      | Reached skill level 5 in Conjurations
  4433 | D:4      | Reached XP level 7. HP: 36/36 MP: 7/20
  4634 | D:4      | Found a white marble altar of Elyvilon.
  4635 | D:4      | Found a bloodstained altar of Trog.
  4709 | D:5      | Entered Level 5 of the Dungeon
  5040 | D:5      | Reached skill level 8 in Spellcasting
  5486 | D:5      | Reached XP level 8. HP: 37/41 MP: 22/22
  5548 | D:5      | Reached * piety under Vehumet
  5548 | D:5      | Offered knowledge of Flame Tongue by Vehumet.
  5548 | D:5      | Reached skill level 5 in Fire Magic
  5590 | D:5      | Reached skill level 9 in Spellcasting
  6265 | D:6      | Noticed Pikel
  6281 | D:6      | Killed Pikel
  6339 | D:6      | Noticed Grinder
  6355 | D:6      | Killed Grinder
  6355 | D:6      | Reached skill level 10 in Spellcasting
  6422 | D:6      | Reached XP level 9. HP: 30/45 MP: 25/25
  6461 | D:6      | Noticed Blork the orc
  6478 | D:6      | Killed Blork the orc
  6697 | D:6      | Found a glowing silver altar of Zin.
  6972 | D:6      | Noticed Sigmund
  6985 | D:6      | Killed Sigmund
  7567 | D:6      | Found a shadowy altar of Dithmenos.
  8161 | D:7      | Offered knowledge of Shock by Vehumet.
  8515 | D:7      | Reached ** piety under Vehumet
  8515 | D:7      | Reached skill level 11 in Spellcasting
  9070 | D:8      | Noticed a two-headed ogre
  9228 | D:8      | Killed a two-headed ogre
  9228 | D:8      | Reached XP level 10. HP: 50/50 MP: 18/27
  9873 | D:8      | Offered knowledge of Ignite Poison by Vehumet.
  9913 | D:8      | Reached skill level 12 in Spellcasting
 10118 | D:8      | Noticed a two-headed ogre
 10130 | D:8      | Killed a two-headed ogre
 10130 | D:8      | Reached skill level 10 in Conjurations
 10351 | D:8      | Noticed a two-headed ogre
 10365 | D:8      | Killed a two-headed ogre
 10365 | D:8      | Reached *** piety under Vehumet
 10397 | D:8      | Noticed a two-headed ogre
 10437 | D:8      | Killed a two-headed ogre
 10540 | D:8      | Noticed a two-headed ogre
 10569 | D:8      | Killed a two-headed ogre
 10569 | D:8      | Reached skill level 13 in Spellcasting
 10569 | D:8      | Reached skill level 10 in Fire Magic
 11067 | D:8      | Found a stormy altar of Qazlal.
 11110 | D:8      | Found a burning altar of Makhleb.
 11339 | D:9      | Found a snail-covered altar of Cheibriados.
 11339 | D:9      | Found an ornate altar of the Wu Jian Council.
 11346 | D:9      | Found a glowing golden altar of the Shining One.
 11346 | D:9      | Found a sparkling altar of Nemelex Xobeh.
 11349 | D:9      | Found an iron altar of Okawaru.
 11354 | D:9      | Noticed a two-headed ogre
 11454 | D:9      | Offered knowledge of Force Lance by Vehumet.
 11566 | D:8      | Learned a level 4 spell: Force Lance
 11676 | D:9      | Noticed Erolcha
 11695 | D:9      | Killed Erolcha
 11695 | D:9      | Reached XP level 11. HP: 44/54 MP: 17/30
 11802 | D:9      | Killed a two-headed ogre
 12920 | D:9      | Found a roughly hewn altar of Beogh.
 12920 | D:9      | Found a staircase to the Orcish Mines.
 12953 | D:9      | Reached **** piety under Vehumet
 12981 | D:9      | Reached skill level 5 in Dodging
 13710 | D:10     | Entered Level 10 of the Dungeon
 13938 | D:10     | Offered knowledge of Throw Icicle by Vehumet.
 14159 | D:10     | Found a staircase to the Lair.
 15052 | Lair:1   | Entered Level 1 of the Lair of Beasts
 15452 | Lair:1   | Reached skill level 14 in Spellcasting
 16070 | Lair:1   | Reached ***** piety under Vehumet
 16125 | Lair:1   | Offered knowledge of Bolt of Magma by Vehumet.
 16132 | Lair:1   | Learned a level 5 spell: Bolt of Magma
 16684 | Lair:2   | Noticed a seven-headed hydra
 16691 | Lair:2   | Killed a seven-headed hydra
 16691 | Lair:2   | Reached XP level 12. HP: 59/59 MP: 24/32
 17214 | Lair:2   | Noticed a six-headed hydra
 17221 | Lair:2   | Killed a six-headed hydra
 17313 | Lair:2   | Found a staircase to the Shoals.
 17644 | Lair:2   | Got a shimmering zirconium amulet
 17645 | Lair:2   | Identified the amulet "Igguibum" {Gourm +Inv Str+2} (You found it on level 2 of the Lair of Beasts)
 18402 | Lair:3   | Noticed a four-headed hydra
 18629 | Lair:2   | Reached skill level 15 in Spellcasting
 19050 | Lair:3   | Noticed a seven-headed hydra
 19058 | Lair:3   | Killed a seven-headed hydra
 19294 | Lair:3   | Found a staircase to the Snake Pit.
 19324 | Lair:3   | Killed a four-headed hydra
 19404 | Lair:3   | You fall through a shaft!
 20064 | Lair:3   | Got a glittering platinum ring
 20114 | Lair:3   | Offered knowledge of Iskenderun's Battlesphere by Vehumet.
 20765 | Lair:3   | You fall through a shaft!
 20901 | Lair:4   | Reached XP level 13. HP: 63/63 MP: 11/34
 22344 | Lair:5   | Identified the ring "Heim" {rPois rN+ Str+6} (You found it on level 3 of the Lair of Beasts)
 22861 | Lair:5   | Found a runed gate.
 22862 | Lair:5   | Noticed Uschugel's ghost (journeyman MiBe)
 22863 | Lair:5   | Found a runed gate.
 22863 | Lair:5   | Found a runed gate.
 22948 | Lair:6   | Entered Level 6 of the Lair of Beasts
 23033 | Lair:6   | Noticed Josephine
 23038 | Lair:6   | Killed Josephine
 23038 | Lair:6   | Reached skill level 10 in Dodging
 23207 | Lair:6   | Reached skill level 16 in Spellcasting
 23990 | Lair:6   | Found a staircase to the Slime Pits.
 25494 | Lair:4   | Learned a level 1 spell: Apportation
 25546 | Lair:4   | Learned a level 5 spell: Fireball
 25816 | Lair:4   | Reached skill level 1 in Evocations
 26037 | Orc:1    | Entered Level 1 of the Orcish Mines
 26037 | Orc:1    | Found Ogush's Food Boutique.
 26208 | Orc:2    | Entered Level 2 of the Orcish Mines
 26463 | Orc:2    | Found Ocraitaj's Antique Armour Shop.
 26463 | Orc:2    | Found Okigeo's Antique Weapon Shoppe.
 26463 | Orc:2    | Found Fefomex's Distillery.
 26463 | Orc:2    | Found Voqa's Assorted Antiques.
 26662 | Orc:2    | Reached XP level 14. HP: 68/68 MP: 33/36
 26664 | Orc:2    | Reached skill level 17 in Spellcasting
 26683 | Orc:2    | Offered knowledge of Irradiate by Vehumet.
 27584 | Orc:2    | Found Fuuqeon's Armour Shop.
 27592 | Orc:2    | Found a staircase to the Elven Halls.
 27662 | Orc:2    | Bought a potion of degeneration for 14 gold pieces
 28066 | Orc:2    | Bought a +0 hat of intelligence for 154 gold pieces
 28210 | Shoals:1 | Entered Level 1 of the Shoals
 28210 | Shoals:1 | Noticed Roxanne
 28985 | D:11     | Reached skill level 5 in Evocations
 29729 | D:12     | Noticed Maurice
 29732 | D:12     | Killed Maurice
 29737 | D:12     | Noticed Urug
 29741 | D:12     | Killed Urug
 30028 | D:12     | Noticed Harold
 30031 | D:12     | Killed Harold
 30156 | D:12     | Found a flagged portal.
 30163 | Bailey   | Entered a bailey
 30394 | Bailey   | Offered knowledge of Venom Bolt by Vehumet.
 31240 | D:12     | Reached skill level 15 in Conjurations
 31763 | D:13     | Found an opulent altar of Gozag.
 32242 | D:13     | Offered knowledge of Poison Arrow by Vehumet.
 33274 | D:14     | Noticed Louise
 33281 | D:14     | Killed Louise
 33281 | D:14     | Reached skill level 18 in Spellcasting
 33404 | D:14     | Noticed Azrael
 33419 | D:14     | Killed Azrael
 33520 | D:14     | Found Selypn's Jewellery Boutique.
 33738 | D:14     | Reached XP level 15. HP: 72/72 MP: 34/39
 33746 | D:14     | Learned a level 6 spell: Poison Arrow
 33762 | D:14     | Reached skill level 15 in Fire Magic
 34120 | D:14     | Found a gate to the Vaults.
 35250 | D:15     | Entered Level 15 of the Dungeon
 35805 | D:15     | Offered knowledge of Orb of Destruction by Vehumet.
 35814 | D:15     | Learned a level 7 spell: Orb of Destruction
 35815 | D:15     | Found a staircase to the Depths.
 37378 | Shoals:1 | Killed from afar by Roxanne

Vault maps used:
D:1:      minmay_arrival_four_circles
D:2:      dk_noncrumbling_3, uniq_crazy_yiuf_cottage, uniq_robin, uniq_jessica
D:3:      uniq_natasha, uniq_ijyb
D:4:      kiku_gazebo_garden_becter, gammafunk_temple_overflow_statue,
          minmay_temple_entry_fiery, first_ration, uniq_edmund, uniq_menkaure
D:6:      overflow_temple_1_default, lemuel_doored_altar, hex_medium,
          uniq_pikel, uniq_sigmund, uniq_blork_the_orc, uniq_grinder
D:8:      makhleb_blood_cavern_becter, lemuel_crystal_altar
D:9:      grunt_temple_overflow_open, david_orc_5, uniq_erolcha
D:10:     lair_entry_dummy, grunt_ogre_cave
D:12:     minmay_ice_pillars, enter_bailey_3, serial_aquarium,
          aquarium_bridge_square, aquarium_bridge_square, aquarium_window_fake,
          aquarium_window_1, aquarium_view_2e, minivault_16, uniq_maurice,
          uniq_urug, uniq_harold
D:13:     grunt_gozag_statues
D:14:     grunt_vaults_entry_fortified, minmay_misc_feat_tiny, serial_shops,
          shop, uniq_louise, uniq_azrael
D:15:     gammafunk_depths_entry_grave, minivault_25, corexii_checkpoint_a
Temple:   cyrus_temple_forest
Lair:2:   elwin_shoals_entry_rooms, lab_entry_generic, serial_bayou_shore_b
Lair:3:   minmay_snake_entry_six_corridors
Lair:4:   lemuel_fruit_tree, minmay_lair_oklob_chamber
Lair:5:   gammafunk_ghost_hydra_chop, gammafunk_lair_bear_cave
Lair:6:   evilmike_catoblepas_cave, nicolae_slime_entry_slimehenge,
          serial_bayou_pond_d, uniq_josephine
Shoals:1: wheals_shoals_ruined_temple, uniq_roxanne
Orc:1:    serial_shops, shop
Orc:2:    st_orc_ogre_mass, serial_shops, shop, mines_bat_river
Bailey:   bailey_axe_2, bailey

Skill      XL: |  1  2  3  4  5  6  7  8  9 10 11 12 13 14 15 |
---------------+----------------------------------------------+-----
Conjurations   | 2 3 4 5 6 7 9 10 12 13 14 15 | 15.8
Spellcasting   | 5 6 7 8 10 11 13 14 15 16 18 | 18.7
Fire Magic     | 1 2 3 4 6 8 10 11 12 13 14 15 | 15.5
Dodging        | 4 7 9 10 | 10.0
Evocations     | 2 6 8 |  8.5
Stealth        | |  2.4
Summonings     | |  1.1
Translocations | |  1.1

Action                   |  1- 3 |  4- 6 |  7- 9 | 10-12 | 13-15 || total
-------------------------+-------+-------+-------+-------+-------++-------
Melee: Unarmed           |       |     3 |       |       |       ||     3
       Dagger            |       |     2 |    11 |    23 |     6 ||    42
 Cast: Magic Dart        |    87 |   190 |   432 |   650 |    71 ||  1430
       Conjure Flame     |       |     7 |    38 |    70 |    29 ||   144
       Mephitic Cloud    |       |       |    13 |    14 |    21 ||    48
       Force Lance       |       |       |       |   130 |    83 ||   213
       Blink             |       |       |       |     2 |    11 ||    13
       Bolt of Magma     |       |       |       |   117 |   124 ||   241
       Fireball          |       |       |       |       |   348 ||   348
       Apportation       |       |       |       |       |     1 ||     1
       Poison Arrow      |       |       |       |       |    28 ||    28
  Use: Scroll            |     2 |       |       |     2 |    25 ||    29
       Potion            |       |       |     5 |       |     3 ||     8
 Stab: Confused          |       |       |     3 |     1 |       ||     4
  Eat: Chunk             |     2 |     8 |     7 |    30 |    28 ||    75
       Ration            |       |       |     2 |     2 |     6 ||    10
Armor: Robe              |     1 |     5 |    13 |    15 |    11 ||    45
Dodge: Dodged            |     3 |    13 |    42 |   107 |    95 ||   260

Table legend:
 A = Spawn XP
 B = Non-spawn XP
 C = Spawn XP percentage of total XP
 D = Spawn monster count
 E = Non-spawn monster count
 F = Spawn count percentage of total count
 G = Total turns spent on level
                    A         B        C        D         E        F      G
               +---------+---------+-------+---------+---------+-------+---------
         Total |       0 |  131389 |   0.0 |       0 |     808 |   0.0 | 37378
               +---------+---------+-------+---------+---------+-------+---------
           D:1 |       0 |      29 |   0.0 |       0 |      20 |   0.0 |  1173
           D:2 |       0 |     190 |   0.0 |       0 |      39 |   0.0 |  1505
           D:3 |       0 |     201 |   0.0 |       0 |      23 |   0.0 |  1101
           D:4 |       0 |     439 |   0.0 |       0 |      11 |   0.0 |  1301
           D:5 |       0 |    1016 |   0.0 |       0 |      23 |   0.0 |  1077
           D:6 |       0 |    1682 |   0.0 |       0 |      23 |   0.0 |  1474
           D:7 |       0 |    1213 |   0.0 |       0 |      37 |   0.0 |  1759
           D:8 |       0 |    5616 |   0.0 |       0 |      30 |   0.0 |  1893
           D:9 |       0 |    4504 |   0.0 |       0 |      49 |   0.0 |  2381
          D:10 |       0 |    1960 |   0.0 |       0 |      41 |   0.0 |  1415
          D:11 |       0 |    5024 |   0.0 |       0 |      45 |   0.0 |  1363
          D:12 |       0 |    6237 |   0.0 |       0 |      45 |   0.0 |  1154
          D:13 |       0 |    5873 |   0.0 |       0 |      48 |   0.0 |  1475
          D:14 |       0 |   18837 |   0.0 |       0 |      42 |   0.0 |  2507
          D:15 |       0 |   16608 |   0.0 |       0 |      52 |   0.0 |  1720
        Lair:1 |       0 |    4732 |   0.0 |       0 |      28 |   0.0 |  1650
        Lair:2 |       0 |    5396 |   0.0 |       0 |      20 |   0.0 |  2271
        Lair:3 |       0 |    7629 |   0.0 |       0 |      38 |   0.0 |  1976
        Lair:4 |       0 |    6990 |   0.0 |       0 |      27 |   0.0 |  1743
        Lair:5 |       0 |    3459 |   0.0 |       0 |      16 |   0.0 |  1418
        Lair:6 |       0 |   14282 |   0.0 |       0 |      40 |   0.0 |  2373
      Shoals:1 |       0 |     652 |   0.0 |       0 |       2 |   0.0 |    13
         Orc:1 |       0 |    1289 |   0.0 |       0 |      19 |   0.0 |  1133
         Orc:2 |       0 |   17178 |   0.0 |       0 |      56 |   0.0 |   946
        Bailey |       0 |     353 |   0.0 |       0 |      34 |   0.0 |   465
               +---------+---------+-------+---------+---------+-------+---------
